 Dungeon Crawl Stone Soup version 0.22-a0-542-gce4f928 (webtiles) character file.

102 vierth the Shield-Bearer (level 4, -4/41 HPs)
             Began as a Minotaur Fighter on June 24, 2018.
             Slain by an orc
             ... wielding a +0 trident
              (5 damage)
             ... on level 2 of the Dungeon.
             The game lasted 00:01:51 (1077 turns).

vierth the Shield-Bearer (Minotaur Fighter)         Turns: 1077, Time: 00:01:51

Health: -4/41      AC:  7    Str: 22    XL:     4   Next: 49%
Magic:  3/3        EV:  7    Int:  5    God:
Gold:   43         SH:  9    Dex:  9    Spells: 3/3 levels left

rFire    . . .     SeeInvis .   a - +0 war axe
rCold    . . .     Gourm    .   c - +0 shield
rNeg     . . .     Faith    .   b - +0 scale mail
rPois    .         Spirit   .   (helmet restricted)
rElec    .         Reflect  .   (no cloak)
rCorr    .         Harm     .   (no gloves)
MR       .....                  (no boots)
Stlth    ..........             (no amulet)
HPRegen  0.13/turn              (no ring)
MPRegen  0.08/turn              (no ring)

@: no status effects
A: retaliatory headbutt, horns 2
a: no special abilities


You were on level 2 of the Dungeon.
You were not hungry.

You visited 1 branch of the dungeon, and saw 2 of its levels.

You collected 43 gold pieces.

Inventory:

Hand Weapons
 a - a +0 war axe (weapon)
Armour
 b - a +0 scale mail (worn)
 c - a +0 shield (worn)
Scrolls
 g - 2 scrolls of immolation {unknown}
 j - a scroll of identify {unknown}
 l - a scroll of remove curse {unknown}
Potions
 d - a potion of might
 e - a potion of agility {unknown}
 h - a potion of cancellation {unknown}
 i - 2 potions of curing {unknown}
 k - a potion of magic {unknown}
 m - a potion of haste {unknown}
Comestibles
 f - 2 rations


   Skills:
 + Level 4.3 Fighting
 * Level 3.8 Axes
 + Level 4.3 Armour
 + Level 4.5 Shields


You had 3 spell levels left.
You didn't know any spells.
Your spell library was empty.

Dungeon Overview and Level Annotations

Branches:
Dungeon (2/15)

Altars:


Innate Abilities, Weirdness & Mutations

You reflexively headbutt those who attack you in melee.
You have a pair of horns on your head.


Message History

You kill the orc priest!
You barely miss the orc. The orc hits you with a trident.
* * * LOW HITPOINT WARNING * * *
The orc hits you with a trident.
* * * LOW HITPOINT WARNING * * *
You block the orc's attack.
Things that are here:
a club; a ring mail You are too injured to fight recklessly!
The orc hits you from afar with a trident.
* * * LOW HITPOINT WARNING * * *
Things that are here:
a club; a ring mail The orc hits you but does no damage.
Things that are here:
a club; a ring mail You closely miss the orc.
You headbutt the orc.
The orc is lightly wounded.
You block the orc's attack. The orc hits you with a trident.
You die...

## #. .. ## ##. .#
..#.# ### ... #..
..# #)# #.#
##.########.####.#
##.#
#..........@†?...#
...#
##.########o######
##.# #.........[.#
##.# #.###########
...###.# .......#
########


You could see an orc.

Vanquished Creatures
  2 orc priests (D:2)
  A worm (D:2)
  A dart slug (D:1)
  2 orcs (D:2)
  A ball python (D:1)
  5 bats
  2 giant cockroaches (D:2)
  8 goblins (D:1)
  5 hobgoblins
  2 frilled lizards (D:1)
  3 kobolds
  5 rats
37 creatures vanquished.

Notes
Turn   | Place    | Note
-------+----------+-------------------------------------------
     0 | D:1      | vierth the Minotaur Fighter began the quest for the Orb.
     0 | D:1      | Reached XP level 1. HP: 19/19 MP: 0/0
   131 | D:1      | Reached XP level 2. HP: 27/27 MP: 1/1
   976 | D:2      | Reached XP level 3. HP: 33/33 MP: 2/2
  1061 | D:2      | Reached XP level 4. HP: 11/40 MP: 3/3
  1074 | D:2      | HP: 1/41 [orc/trident (3)]
  1077 | D:2      | Slain by an orc

Vault maps used:
D:1:      zelgadis_glass_arrival_small, serial_bayou, serial_bayou_pond_a,
          serial_bayou_pond_c, serial_bayou_lagoon_a, serial_bayou_pond_b
D:2:      first_ration, grunt_gozag_breadcrumbs, uniq_robin

Skill      XL: |  1  2  3 |
---------------+----------+-----
Shields        | 4 |  4.5
Fighting       | 4 |  4.3
Axes           | 3 |  3.8
Armour         | 4 |  4.3

Action                   |  1- 3 |  4- 6 || total
-------------------------+-------+-------++-------
Melee: War axe           |   105 |     4 ||   109
       Headbutt          |     8 |     2 ||    10
  Eat: Ration            |     1 |       ||     1
Armor: Scale mail        |    60 |     1 ||    61
Dodge: Dodged            |    30 |       ||    30
Block: Shield            |    68 |     6 ||    74

Table legend:
 A = Spawn XP
 B = Non-spawn XP
 C = Spawn XP percentage of total XP
 D = Spawn monster count
 E = Non-spawn monster count
 F = Spawn count percentage of total count
 G = Total turns spent on level
                    A         B        C        D         E        F      G
               +---------+---------+-------+---------+---------+-------+---------
         Total |       0 |     146 |   0.0 |       0 |      37 |   0.0 |  1077
               +---------+---------+-------+---------+---------+-------+---------
           D:1 |       0 |      38 |   0.0 |       0 |      23 |   0.0 |   894
           D:2 |       0 |     108 |   0.0 |       0 |      14 |   0.0 |   183
               +---------+---------+-------+---------+---------+-------+---------
